 Dungeon Crawl Stone Soup version 0.30-a0-219-gf2db51d15e (webtiles) character file.

Game seed: 15277550684102626717

63 Decritt the Grasshopper (level 3, -5/18 HPs)
             Began as a Spriggan Warper on Oct 7, 2022.
             Killed by divine providence
             ... invoked by an orc priest
              (10 damage)
             ... on level 3 of the Dungeon.
             The game lasted 00:12:24 (2677 turns).

Decritt the Grasshopper (Spriggan Warper)           Turns: 2677, Time: 00:12:25

Health: -5/18      AC:  2    Str:  7    XL:     3   Next: 87%
Magic:  8/8        EV: 18    Int: 14    God:
Gold:   101        SH:  0    Dex: 16    Spells: 2/8 levels left

rFire   . . .      SeeInvis +    m - +1 short sword (venom)
rCold   . . .      Faith    .    (no shield)
rNeg    . . .      Spirit   .    d - +0 animal skin
rPois   .          Reflect  .    (helmet restricted)
rElec   .          Harm     .    (no cloak)
rCorr   .          Rampage  .    (gloves unavailable)
Will    .....                    (boots unavailable)
Stlth   ++........               (no amulet)
HPRegen 0.23/turn                (no ring)
MPRegen 0.11/turn                (no ring)

@: very quick
A: very small, no large weapons, unfitting armour, see invisible, speed 3
a: no special abilities


You were on level 3 of the Dungeon.
You visited 1 branch of the dungeon, and saw 3 of its levels.

You collected 141 gold pieces.
You spent 40 gold pieces at shops.

Inventory:

Hand Weapons
 a - a +0 short sword
 m - a +1 short sword of venom (weapon)
Armour
 b - a +0 robe
 d - a +0 animal skin (worn)
Jewellery
 e - a ring of fire
 h - a ring of positive energy
Scrolls
 c - 2 scrolls of blinking
 l - 2 scrolls of fear
 r - a scroll of identify
Potions
 f - a potion of cancellation
 g - 3 potions of heal wounds
 i - a potion of attraction
 j - 2 potions of invisibility
 k - 2 potions of brilliance


   Skills:
 + Level 1.9 Fighting
 + Level 2.6 Short Blades
 - Level 1.0 Throwing
 + Level 3.7 Dodging
 + Level 1.8 Stealth
 + Level 3.3 Spellcasting
 + Level 0.8 Hexes
 + Level 5.0 Translocations


You had 2 spell levels left.
You knew the following spells:

 Your Spells              Type           Power      Damage    Failure   Level
a - Blink                 Tloc           32%        N/A       4%          2
b - Slow                  Hex            16%        N/A       14%         1
c - Confusing Touch       Hex            4%         N/A       41%         3

Your spell library contained the following spells:

 Spells                   Type           Power      Damage    Failure   Level
 Lesser Beckoning         Tloc           32%        N/A       8%          3
 Teleport Other           Tloc           16%        N/A       8%          3
 Vhi's Electric Charge    Tloc/Air       18%        N/A       22%         3
 Manifold Assault         Tloc           16%        N/A       26%         4
 Vampiric Draining        Necr           2%         2d6       52%         3


Dungeon Overview and Level Annotations

Branches:
Dungeon (3/15)

Altars:

Shops:
D:1 ?   D:3 ?


Innate Abilities, Weirdness & Mutations

You are very small and have problems with some larger weapons.
You are too small for most types of armour.
You have supernaturally acute eyesight. (SInv)
You cover ground extremely quickly. (Speed+++)


Message History

You feel sick.
You are no longer poisoned.
There is a stone staircase leading up here.
You start resting.
HP restored.
A rat is nearby!
Found 18 gold pieces.
You see here 15 gold pieces.
You closely miss the rat. The rat misses you.
You hit the rat.
The rat is heavily wounded.
The rat bites you.
You hit the rat.
You kill the rat!
You see here a rat corpse.
You now have enough gold to buy a scroll of magic mapping on D:1.
You can access your shopping list by pressing '$'.
You now have 83 gold pieces (gained 15).
You now have enough gold to buy a scroll of silence on this level.
You can access your shopping list by pressing '$'.
You now have 101 gold pieces (gained 18).
Found a falchion.
No target in view!
l - 2 scrolls of fear (gained 1)
Found 6 stones.
Found a stone staircase leading up.
r - a scroll of identify You don't have any unidentified items.
Unknown command.
Found an escape hatch in the ceiling and an escape hatch in the floor.
The orc priest shouts!
You hear a shout!
The orc priest casts a cantrip, but nothing happens.
The orc priest invokes the aid of Beogh against you.
Beogh smites you!
Ouch! That really hurt!
* * * LOW HITPOINT WARNING * * *
The orc priest mumbles some strange prayers to Beogh against you.
Beogh smites you!
Ouch! That really hurt!
You die... ##........# #..>......# 888

..........# ## .8.
#.o......<# .# ..#
#o#.......# ######.###
#.#.......# ##(.#.#.##
#.#.......#
##........######.#.......#
.#..............@........#
..................########
...)....##........#
##.......#......<.#
#.......#........#
#.......#........#
##.....########### ##...##
#####


You could see an orc priest and an orc.

Vanquished Creatures
  Robin (D:1)
  6 endoplasms
  A giant cockroach (D:2)
  10 goblins
  10 hobgoblins
  3 kobolds
  A quokka (D:3)
  3 ball pythons
  3 bats (D:1)
  2 frilled lizards (D:2)
  5 rats
45 creatures vanquished.

Vanquished Creatures (others)
  5 plants (D:1)
5 creatures vanquished.

Grand Total: 50 creatures vanquished

Notes
Turn   | Place    | Note
-------+----------+-------------------------------------------
     0 | D:1      | Decritt the Spriggan Warper began the quest for the Orb.
     0 | D:1      | Reached XP level 1. HP: 10/10 MP: 5/5
    12 | D:1      | Found Mytiqir's Magic Scroll Shop.
   153 | D:1      | Reached skill level 1 in Stealth
   153 | D:1      | Reached XP level 2. HP: 15/15 MP: 6/6
   731 | D:1      | Learned a level 2 spell: Blink
  1121 | D:2      | Found a faded altar of an unknown god.
  1235 | D:2      | Reached XP level 3. HP: 18/18 MP: 8/8
  1422 | D:1      | Learned a level 1 spell: Slow
  1426 | D:1      | Learned a level 3 spell: Confusing Touch
  1442 | D:2      | Identified the +1 helmet of Forking Paths {rCorr}
  1442 | D:2      | Noticed Robin
  2130 | D:1      | Killed Robin
  2323 | D:3      | Found Vejymiri's Magic Scroll Shoppe.
  2335 | D:3      | Noticed a black bear
  2341 | D:3      | Bought a scroll of fear for 40 gold pieces
  2540 | D:3      | Reached skill level 5 in Translocations
  2677 | D:3      | Killed from afar by an orc priest

Illustrated notes

Levels and vault maps discovered:
D:1:      onia_arrival_pentagram, layout_basic, serial_shops,
          nicolae_diamond_shop, minmay_misc_feat_tower,
          minmay_misc_feat_more_columns, nicolae_grassy_gnolls
D:2:      layout_rooms, chequers_ecumenical_altar_simple_redux, uniq_robin
D:3:      minmay_skewed_foursquare, layout_rooms, serial_shops,
          nicolae_square_shop

Skill      XL: |  1  2  3 |
---------------+----------+-----
Stealth        | 1 |  1.8
Spellcasting   | 3 |  3.3
Translocations | 5 |  5.0
Fighting       | |  1.9
Short Blades   | |  2.6
Throwing       | |  1.0
Dodging        | |  3.7
Hexes          | |  0.8

Action                   || total
-------------------------++-------
Melee: Short sword       ||   218
Throw: Boomerang         ||     7
  Use: Scroll            ||     6
 Stab: Sleeping          ||     6
Armor: Robe              ||    23
       Animal skin       ||     1
Dodge: Dodged            ||   177

Table legend: (Time is in decaauts)
 A = Elapsed time spent in this place.
 B = Non-inter-level travel time spent in this place.
 C = Inter-level travel time spent in this place.
 D = Time resting spent in this place.
 E = Time spent auto-exploring this place.
 F = Levels seen in this place.
 G = Mean time per level.
                   A        B        C        D        E       F      G
               +--------+--------+--------+--------+--------+-----+--------+
         Total |   2035 |   1991 |     44 |    684 |    505 |   3 |  678.3 |
       Dungeon |   2035 |   1991 |     44 |    684 |    505 |   3 |  678.3 |
               +--------+--------+--------+--------+--------+-----+--------+

Top non-repeatable levels by time:
     D:1: 1363 daAuts
     D:2: 411 daAuts
     D:3: 261 daAuts
